 Dungeon Crawl Stone Soup version 0.31-a0-627-gd65175cf8b (webtiles) character file.

Game seed: 7346330948853610483

46 GenialerGandalf the Trooper (level 3, -1/33 HPs)
             Began as a Hill Orc Fighter on Aug 25, 2023.
             Slain by Grinder (5 damage)
             ... on level 3 of the Dungeon.
             The game lasted 00:03:19 (1603 turns).

GenialerGandalf the Trooper (Hill Orc Fighter)      Turns: 1603, Time: 00:03:20

Health: -1/33      AC:  8    Str: 26    XL:     3   Next: 66%
Magic:  3/3        EV:  9    Int:  8    God:
Gold:   167        SH:  4    Dex: 10    Spells: 2/2 levels left

rFire   . . .        a - +0 war axe
rCold   . . .        c - +0 buckler
rNeg    . . .        b - +0 scale mail
rPois   .            m - +0 helmet
rElec   .            (no cloak)
rCorr   .            (no gloves)
SInv    .            (no boots)
Will    .....        (no amulet) Stlth
                     e - +6 ring of strength
HPRegen 0.25/turn    (no ring)
MPRegen 0.08/turn

%: no passive effects
@: no status effects
A: no striking features
a: no special abilities


You were on level 3 of the Dungeon.
You visited 1 branch of the dungeon, and saw 3 of its levels.

You collected 167 gold pieces.

Inventory:

Hand Weapons
 a - a +0 war axe (weapon)
Armour
 b - a +0 scale mail (worn)
 c - a +0 buckler (worn)
 m - a +0 helmet (worn)
Jewellery
 e - a +6 ring of strength (left hand)
Scrolls
 h - a scroll of teleportation {unknown}
 i - a scroll of fog {unknown}
 n - a scroll of identify
Potions
 d - 2 potions of might
 f - a potion of degeneration {unknown}
 g - 2 potions of heal wounds {unknown}
 j - a potion of magic {unknown}
 k - 3 potions of curing {unknown}
 l - 2 potions of attraction {unknown}


   Skills:
 * Level 4.1 Fighting
 * Level 3.7 Axes
 * Level 3.7 Armour
 * Level 3.6 Shields


You had 2 spell levels left.
You didn't know any spells.
Your spell library contained the following spells:

 Spells                   Type           Power      Damage    Failure   Level
 Shock                    Conj/Air       0%         1d3       75%         1
 Sting                    Tmut/Pois      0%         1d3       75%         1
 Lesser Beckoning         Tloc           0%         N/A       87%         2
 Poisonous Vapours        Pois/Air       0%         N/A       87%         2
 Gell's Gravitas          Tloc           0%         N/A       98%         3
 Mephitic Cloud           Conj/Pois/Air  0%         N/A       98%         3
 Ozocubu's Armour         Ice            0%         N/A       98%         3
 Swiftness                Air            0%         N/A       98%         3
 Teleport Other           Tloc           0%         N/A       98%         3
 Airstrike                Air            0%         2d(0-16)  100%        4
 Olgreb's Toxic Radiance  Pois           0%         N/A       100%        4
 Freezing Cloud           Conj/Ice/Air   0%         6-21      100%        5
 Metabolic Englaciation   Hex/Ice        0%         N/A       100%        5
 Simulacrum               Ice/Necr       0%         N/A       100%        6


Dungeon Overview and Level Annotations

Branches:
Dungeon (3/15)

Altars:

Annotations:
D:3 Grinder, Terence


Message History

Terence is lightly wounded.
Terence hits you but does no damage.
You hit Terence.
Terence is moderately wounded.
Terence hits you with a +0 falchion. You block Terence's attack.
You closely miss Terence.
Terence is moderately wounded.
Grinder comes into view.
Terence closely misses you.
You closely miss Terence.
Terence is moderately wounded.
Terence hits you with a +0 falchion.
You barely miss Terence.
Terence is moderately wounded.
Terence hits you with a +0 falchion! Terence hits you but does no damage.
You hit Terence.
Terence is heavily wounded.
Terence hits you with a +0 falchion.
You are too injured to fight recklessly!
You are too injured to fight recklessly!
You are too injured to fight recklessly!
You are too injured to fight recklessly!
You are too injured to fight recklessly!
You are too injured to fight recklessly!
You are too injured to fight recklessly!
You completely miss Terence.
Terence is heavily wounded.
Grinder says, "You look like you could use a good racking."
You slash Grinder!
Grinder is lightly wounded.
Grinder says, "You look like you could use a good racking."
Grinder hits you.
You writhe in agony.
* * * LOW HITPOINT WARNING * * *
You closely miss Grinder.
Grinder is lightly wounded.
Grinder hits you.
* * * LOW HITPOINT WARNING * * *
You writhe in agony.
You die...
Grinder says, "Now the real fun starts!"

# ####### #.
.......
#.###.......
#@5.#.......
#@<...!...
###...$...
.......
.......
.......
.......
.###### ##


You could see Grinder and Terence.

Vanquished Creatures
  An adder (D:2)
  A worm (D:2)
  A dart slug (D:1)
  6 endoplasms
  A giant cockroach (D:1)
  3 goblins (D:2)
  2 hobgoblins (D:1)
  4 quokkas
  5 ball pythons
  2 bats (D:1)
  A frilled lizard (D:2)
  2 kobolds
  A rat (D:1)
30 creatures vanquished.

Notes
Turn   | Place    | Note
-------+----------+-------------------------------------------
     0 | D:1      | GenialerGandalf the Hill Orc Fighter began the quest for
                  | the Orb.
     0 | D:1      | Reached XP level 1. HP: 19/19 MP: 1/1
    82 | D:1      | Reached XP level 2. HP: 26/27 MP: 2/2
   209 | D:1      | Found a faded altar of an unknown god.
   973 | D:2      | Reached skill level 4 in Fighting
  1005 | D:2      | Reached XP level 3. HP: 24/33 MP: 3/3
  1592 | D:3      | Noticed Terence
  1597 | D:3      | Noticed Grinder
  1603 | D:3      | Slain by Grinder

Illustrated notes

Levels and vault maps discovered:
D:1:      psy_arrival_radial01, layout_loops_ring,
          hellmonk_ecumenical_altar_arch_garden, chequers_serial_rivers_large_b,
          minmay_misc_feat_secret_circle
D:2:      layout_basic
D:3:      layout_rooms, cheibrodos_worm_habitat, gammafunk_ghost_stat_death,
          uniq_terence, uniq_grinder

Skill      XL: |  1  2 |
---------------+-------+-----
Axes           | 3 |  3.7
Fighting       | 4 |  4.1
Armour         | |  3.7
Shields        | |  3.6

Action                     || total
---------------------------++-------
  Melee: War axe           ||    83
    Use: Scroll            ||     1
 Armour: Scale mail        ||    31
  Dodge: Dodged            ||    44
  Block: Buckler           ||    14

Table legend: (Time is in decaauts)
 A = Elapsed time spent in this place.
 B = Non-inter-level travel time spent in this place.
 C = Inter-level travel time spent in this place.
 D = Time resting spent in this place.
 E = Time spent auto-exploring this place.
 F = Levels seen in this place.
 G = Mean time per level.
                   A        B        C        D        E       F      G
               +--------+--------+--------+--------+--------+-----+--------+
         Total |   1660 |   1628 |     32 |      0 |   1380 |   3 |  553.3 |
       Dungeon |   1660 |   1628 |     32 |      0 |   1380 |   3 |  553.3 |
               +--------+--------+--------+--------+--------+-----+--------+

Top non-repeatable levels by time:
     D:1: 920 daAuts
     D:2: 726 daAuts
     D:3: 13 daAuts
